 Dungeon Crawl Stone Soup version 0.19-a0-78-g674c7a4 (webtiles) character file.

145 Lugonue the Covert (level 5, -3/24 HPs)
             Began as a Spriggan Wizard on May 13, 2016.
             Slain by an ogre
             ... wielding a +0 giant spiked club
              (18 damage)
             ... on level 5 of the Dungeon.
             The game lasted 00:17:37 (3256 turns).

Lugonue the Covert (Spriggan Wizard)                Turns: 3256, Time: 00:17:38

Health: -3/24      AC:  3    Str:  3    XL:     5   Next: 6%
Magic:  12/12      EV: 18    Int: 19    God:
Gold:   126        SH:  0    Dex: 16    Spells: 4 memorised, 4 levels left

rFire  . . .     SeeInvis +     e - +0 dagger
rCold  . . .     Gourm    .     a - +0 robe
rNeg   . . .     Faith    .     (shield restricted)
rPois  .         Spirit   .     b - +1 hat
rElec  .         Dismiss  .     (no cloak)
rCorr  .         Reflect  .     (gloves unavailable)
SustAt .         Harm     .     (boots unavailable)
MR     .....                    (no amulet)
Stlth  ++++......               (no ring)
                                f - ring of wizardry

@: very quick, not resistant to hostile enchantments, stealthy
A: unfitting armour, see invisible, herbivore 3, speed 3, slow metabolism 2
a: no special abilities


You were on level 5 of the Dungeon.
You were not hungry.

You visited 1 branch of the dungeon, and saw 6 of its levels.

You collected 126 gold pieces.

Inventory:

Hand Weapons
 e - a +0 dagger (weapon)
Armour
 a - a +0 robe (worn)
 b - a +1 hat (worn)
Jewellery
 f - a ring of wizardry (left hand)
 n - an uncursed ring of teleportation
Scrolls
 i - a scroll of immolation
 k - 2 scrolls of teleportation {unknown}
Potions
 g - a potion of lignification
 h - a potion of mutation {unknown}
 l - a potion of agility {unknown}
 m - a potion of haste {unknown}
Books
 c - a book of Minor Magic

   Spells                             Type                      Level
   a - Magic Dart                     Conjuration                  1
   b - Blink                          Translocation                2
   c - Call Imp                       Summoning                    2
   d - Repel Missiles                 Charms/Air                   2
   e - Slow                           Hexes                        2
   f - Conjure Flame                  Conjuration/Fire             3
   g - Mephitic Cloud                 Conjuration/Poison/Air       3
Comestibles
 d - 3 bread rations


   Skills:
 - Level 3.0 Dodging
 + Level 8.3 Stealth
 - Level 4.0 Spellcasting
 - Level 0.6 Conjurations
   Level 0.7 Summonings
 - Level 1.5 Translocations


You had 4 spell levels left.
You knew the following spells:

 Your Spells              Type           Power        Failure   Level  Hunger
a - Magic Dart            Conj           #...         4%          1    None
b - Blink                 Tloc           N/A          4%          2    ##.....
c - Slow                  Hex            #.......     9%          2    ##.....
d - Mephitic Cloud        Conj/Pois/Air  #.......     16%         3    ###....


Dungeon Overview and Level Annotations

Branches:
Dungeon (6/15)
 Temple: D:4-7

Altars:
Cheibriados
Nemelex Xobeh

Annotations:
D:1 exclusion: hobgoblin
D:4 Blork the orc, Sigmund


Innate Abilities, Weirdness & Mutations

You are tiny and cannot use many weapons and most armour.
You have supernaturally acute eyesight.
You are a herbivore.
You cover ground extremely quickly.
You need consume almost no food.


Message History

You hit the jackal.
You kill the jackal!
You see here a jackal corpse.
You see here a helmet.
Found a stone staircase leading down.
Your magical contamination has completely faded away.
Found a bread ration and 7 gold pieces.
d - 3 bread rations (gained 1)
Found 6 gold pieces.
You now have 120 gold pieces (gained 7).
You now have 126 gold pieces (gained 6).
Found an escape hatch in the ceiling.
There is an escape hatch in the ceiling here.
An ogre comes into view. It is wielding a giant spiked club.
Found a stone staircase leading up.
The ogre shouts!
You hit the ogre but do no damage.
The ogre hits you with a giant spiked club!!
Ouch! That really hurt!
You die...

#######.#.##########
#.#.# #.#.# #.#.#
#.#.#
#.#.#############
#.#.#........<..#
#.#.#########.#
#.#.#.O@....#.#
#.#.#<.#..#.#.#
#.#.#######.#.#
#.#.........#.#
#.###########.#
#.............#
###############


You could see an ogre.

Vanquished Creatures
  A scorpion (D:5)
  3 adders (D:3)
  2 worms
  2 dart slugs
  A giant gecko (D:3)
  An orc (D:3)
  A ball python (D:3)
  6 bats
  2 giant cockroaches
  11 hobgoblins
  2 jackals (D:5)
  2 kobolds (D:1)
  A quokka (D:3)
  4 giant newts
  7 goblins
  A jackal skeleton (D:5)
  9 rats
56 creatures vanquished.

Notes
Turn   | Place    | Note
--------------------------------------------------------------
     0 | D:1      | Lugonue the Spriggan Wizard began the quest for the Orb.
     0 | D:1      | Reached XP level 1. HP: 9/9 MP: 6/6
   687 | D:1      | Reached skill level 4 in Stealth
   687 | D:1      | Reached XP level 2. HP: 12/13 MP: 0/8
   772 | D:1      | Learned a level 2 spell: Blink
   775 | D:1      | Learned a level 2 spell: Slow
  1304 | D:1      | Reached skill level 5 in Stealth
  1506 | D:2      | Found a sparkling altar of Nemelex Xobeh.
  1621 | D:2      | Reached XP level 3. HP: 16/16 MP: 9/9
  2083 | D:3      | Reached skill level 6 in Stealth
  2256 | D:3      | Learned a level 3 spell: Mephitic Cloud
  2637 | D:3      | Reached XP level 4. HP: 21/21 MP: 7/11
  2654 | D:3      | Reached skill level 7 in Stealth
  2964 | D:4      | Noticed Blork the orc
  2965 | D:4      | Noticed Sigmund
  2969 | D:5      | Entered Level 5 of the Dungeon
  3089 | D:5      | Found a snail-covered altar of Cheibriados.
  3135 | D:5      | Reached skill level 8 in Stealth
  3135 | D:5      | Reached XP level 5. HP: 8/24 MP: 8/12
  3247 | D:5      | Noticed an ogre
  3256 | D:5      | Slain by an ogre

Vault maps used:
D:1:      zaba_arrival_water
D:2:      nemelex_spade_bored_becter, uniq_jessica
D:4:      uniq_robin, uniq_blork_the_orc, uniq_sigmund
D:5:      evilmike_ruin_ashenzari, first_bread, basic_altar
D:6:      kennysheep_slugbush, grunt_temple_overflow_open,
          minmay_temple_entry_mist

Skill      XL: |  1  2  3  4 |
---------------+-------------+-----
Stealth        | 4 5 6 8 |  8.3
Dodging        | |  3.0
Spellcasting   | |  4.0
Conjurations   | |  0.6
Summonings     | |  0.7
Translocations | |  1.5

Action                   |  1- 3 |  4- 6 || total
-------------------------+-------+-------++-------
Melee: Dagger            |   135 |    74 ||   209
 Cast: Magic Dart        |    72 |     8 ||    80
       Slow              |     6 |       ||     6
       Mephitic Cloud    |     6 |     7 ||    13
  Use: Scroll            |     6 |     2 ||     8
 Stab: Sleeping          |     9 |     1 ||    10
       Confused          |     2 |     5 ||     7
       Distracted        |     1 |       ||     1
  Eat: Royal jelly       |       |     1 ||     1
Armor: Robe              |     8 |     7 ||    15
Dodge: Dodged            |   140 |    38 ||   178
